 Dungeon Crawl Stone Soup version 0.27-a0-385-g3208abaabc (webtiles) character file.

Game seed: 5505498984469198237

95 jasper the Digger (level 4, -12/33 HPs)
             Began as a Demigod Earth Elementalist on Feb 20, 2021.
             Blown up by Ijyb (18 damage)
             ... with a mindburst bolt
             ... on level 3 of the Dungeon.
             The game lasted 00:02:56 (2359 turns).

jasper the Digger (Demigod Earth Elementalist)      Turns: 2359, Time: 00:02:57

Health: -12/33     AC:  4    Str:  9    XL:     4   Next: 17%
Magic:  6/9        EV: 11    Int: 21    God:
Gold:   122        SH:  0    Dex: 14    Spells: 0/6 levels left

rFire    . . .     SeeInvis .   f - +1 short sword (protect)
rCold    . . .     Faith    .   (no shield)
rNeg     . . .     Spirit   .   e - +0 leather armour
rPois    .         Reflect  .   (no helmet)
rElec    .         Harm     .   m - +0 cloak
rCorr    .         Rampage  .   (no gloves)
Will     .....                  (no boots)
Stlth    ++........             (no amulet)
HPRegen  0.11/turn              v - ring of wizardry
MPRegen  0.11/turn              t - ring of wizardry

@: no status effects
A: high mp 1
a: no special abilities


You were on level 3 of the Dungeon.
You visited 1 branch of the dungeon, and saw 3 of its levels.

You collected 122 gold pieces.

Inventory:

Hand Weapons
 f - a +1 short sword of protection (weapon)
Missiles
 b - 37 stones
 k - 2 throwing nets
Armour
 c - a +0 robe
 e - a +0 leather armour (worn)
 m - a +0 cloak (worn)
 u - a +0 helmet
Jewellery
 g - a +6 ring of dexterity
 q - a +6 ring of dexterity
 t - a ring of wizardry (right hand)
 v - a ring of wizardry (left hand)
Scrolls
 a - 2 scrolls of amnesia {unknown}
 d - 3 scrolls of identify {unknown}
 h - a scroll of blinking {unknown}
 i - a scroll of teleportation {unknown}
 j - a scroll of enchant weapon {unknown}
 n - 2 scrolls of fear {unknown}
 r - a scroll of immolation {unknown}
Potions
 l - a potion of cancellation {unknown}
 o - a potion of attraction {unknown}
 p - a potion of mutation {unknown}
 s - a potion of flight {unknown}
 w - a potion of might {unknown}


   Skills:
 - Level 1.7 Dodging
 - Level 1.7 Stealth
 - Level 1.7 Spellcasting
 - Level 0.8 Transmutations
 + Level 4.8 Earth Magic


You couldn't memorise any spells.
You knew the following spells:

 Your Spells              Type           Power        Failure   Level
a - Sandblast             Erth           44%          1%          1
b - Passwall              Tmut/Erth      10%          2%          2
c - Stone Arrow           Conj/Erth      22%          7%          3

Your spell library contained the following spells:

 Spells                   Type           Power        Failure   Level
 Petrify                  Tmut/Erth      13%          17%         4
 Lee's Rapid Deconstruct  Erth           11%          21%         5


Dungeon Overview and Level Annotations

Branches:
Dungeon (3/15)

Annotations:
D:3 Ijyb


Innate Abilities, Weirdness & Mutations

You have an increased reservoir of magic. (+10% MP)


Message History

You hear the slow rusting of a distant drain.
You now have 122 gold pieces (gained 7).
w - a ruby potion MP restored: 9
b - 40 stones (gained 16)
You hear the slow rusting of a very distant drain.
Ijyb the Twisted Goblin comes into view.
She is wielding a +0 club and carrying a wand of mindburst (15).
You see here 28 stones.
Ijyb is nearby!
Ijyb shouts!
You hear a bark! x3; You hear a shout!
You hear a bark!
Ijyb zaps a wand.
Your mind is blasted!
Ouch! That really hurt!
* * * LOW HITPOINT WARNING * * *
You take 27 damage, and have 6/33 hp.
MASSIVE DAMAGE!!
You are too injured to fight recklessly!
Okay, then.
Ijyb misses you.
You aren't carrying any items that you can evoke.
Aiming: Sandblast (safe; 1% risk of failure)
Press: ? - help, Q - select action, (/) - cycle Shift-Dir - straight line, f - Ijyb
Aim: Ijyb, wielding a +0 club, wearing a +0 leather armour and carrying a wand of mindburst (14) (24% to evade)
The blast of sand hits Ijyb.
Ijyb is lightly wounded.
Ijyb zaps a wand.
You barely resist.
You now have 8/9 mp.
Aiming: Sandblast (safe; 1% risk of failure)
Press: ? - help, Q - select action, (/) - cycle Shift-Dir - straight line, f/p - Ijyb
Aim: Ijyb, wielding a +0 club, wearing a +0 leather armour and carrying a wand of mindburst (13) (lightly wounded, 24% to evade)
The blast of sand hits Ijyb but does no damage.
Ijyb is lightly wounded.
Ijyb barely misses you.
You now have 7/9 mp.
Aiming: Sandblast (safe; 1% risk of failure)
Press: ? - help, Q - select action, (/) - cycle Shift-Dir - straight line, f/p - Ijyb
Aim: Ijyb, wielding a +0 club, wearing a +0 leather armour and carrying a wand of mindburst (13) (lightly wounded, 24% to evade)
The blast of sand hits Ijyb!
Ijyb is heavily wounded.
Ijyb zaps a wand.
Your mind is blasted!
Ouch! That really hurt!
You die...

##########
.........#####
#..g@.....###########
#.###.###.#........#.
#......(.....##......
....###.###.#..##.##...
## #.###.#.#.#.#..[.
.....<.###.....##
.........#.#.#.##
#.#.###.#.......#
#>#.##....#...###


You could see Ijyb.

Vanquished Creatures
  A worker ant (D:3)
  An adder (D:3)
  A dart slug (D:2)
  4 leopard geckos
  2 giant cockroaches (D:2)
  3 goblins
  6 hobgoblins
  10 jackals
  9 kobolds
  6 bats
  6 frilled lizards
  3 rats
52 creatures vanquished.

Notes
Turn   | Place    | Note
-------+----------+-------------------------------------------
     0 | D:1      | jasper the Demigod Earth Elementalist began the quest for
                  | the Orb.
     0 | D:1      | Reached XP level 1. HP: 14/14 MP: 5/5
   255 | D:1      | Reached skill level 3 in Earth Magic
   288 | D:1      | Reached XP level 2. HP: 16/20 MP: 7/7
   291 | D:1      | Learned a level 2 spell: Passwall
  1409 | D:2      | Reached XP level 3. HP: 26/26 MP: 4/8
  1412 | D:2      | Reached skill level 4 in Earth Magic
  2281 | D:3      | Reached XP level 4. HP: 33/33 MP: 3/9
  2285 | D:3      | Learned a level 3 spell: Stone Arrow
  2353 | D:3      | Noticed Ijyb
  2359 | D:3      | Blown up by Ijyb

Illustrated notes

Levels and vault maps discovered:
D:1:      dpeg_arrival_boxes_within_box, layout_basic, minmay_pentomino_x4
D:2:      layout_rooms, kennysheep_nondescript
D:3:      layout_loops_ring, gup_sewer_entry_glass, uniq_ijyb, uniq_robin,
          uniq_purgy

Skill      XL: |  1  2  3 |
---------------+----------+-----
Earth Magic    | 3 4 |  4.8
Dodging        | |  1.7
Stealth        | |  1.7
Spellcasting   | |  1.7
Transmutations | |  0.8

Action                   |  1- 3 |  4- 6 || total
-------------------------+-------+-------++-------
Melee: Short sword       |   188 |       ||   188
 Cast: Sandblast         |    27 |     3 ||    30
 Stab: Sleeping          |     4 |       ||     4
Armor: Leather armour    |    80 |       ||    80
Dodge: Dodged            |   166 |     2 ||   168

Table legend: (Time is in decaauts)
 A = Elapsed time spent in this place.
 B = Non-inter-level travel time spent in this place.
 C = Inter-level travel time spent in this place.
 D = Time resting spent in this place.
 E = Time spent auto-exploring this place.
 F = Levels seen in this place.
 G = Mean time per level.
                   A        B        C        D        E       F      G
               +--------+--------+--------+--------+--------+-----+--------+
         Total |   2374 |   2333 |     41 |     14 |   1837 |   3 |  791.3 |
       Dungeon |   2374 |   2333 |     41 |     14 |   1837 |   3 |  791.3 |
               +--------+--------+--------+--------+--------+-----+--------+

Top non-repeatable levels by time:
     D:1: 1414 daAuts
     D:2: 798 daAuts
     D:3: 161 daAuts
